 Dungeon Crawl Stone Soup version 0.17-a0-737-gf0a300a (webtiles) character file.

94992 Ololoev the Geomancer (level 15, -3/98 HPs)
             Began as a Mummy Venom Mage on Apr 29, 2015.
             Was the Champion of Sif Muna.
             Slain by a moth of wrath (14 damage)
             ... on level 3 of the Spider Nest.
             The game lasted 02:44:30 (30007 turns).

Ololoev the Geomancer (Mummy Venom Mage)           Turns: 30007, Time: 02:44:30

Health: -3/98      AC: 16    Str: 11    XL:     15   Next: 65%
Magic:  1/30       EV: 13    Int: 20    God:    Sif Muna [******]
Gold:   1761       SH:  7    Dex: 17    Spells: 9 memorised, 7 levels left

rFire  . . .     SeeInvis +     a - staff of poison
rCold  + . .     Clarity  .     k - +3 leather armour {MR+}
rNeg   + + +     SustAb   .     y - +1 buckler "Uhayll" {rElec rF+ rCorr Stlth-}
rPois  ∞         Gourm    .     (no helmet)
rElec  +         Spirit   .     e - +2 cloak
rCorr  +         Warding  .     j - +2 pair of gloves {Dex+3}
rMut   .         Stasis   .     s - +1 pair of boots
MR     ++...                    v - amulet of regeneration
Stlth  +.........               B - +2 ring of protection
                                d - ring of see invisible

@: radiating poison, very slightly contaminated, very resistant to hostile
enchantments, very unstealthy
A: no food or potions, fire vulnerability, cold resistance 1, negative energy
resistance 3, torment resistance, unbreathing, in touch with death 1, restore
body
a: Self-Restoration, Channel Energy, Forget Spell, Renounce Religion


Innate Abilities, Weirdness & Mutations

You do not eat or drink.
Your flesh is vulnerable to fire.
You are immune to poison.
Your flesh is cold resistant.
You are immune to negative energy.
You are immune to unholy pain and torment.
You can survive without breathing.
You are in touch with the powers of death.
You can restore your body by infusing magical energy.

Inventory:

Hand weapons
 w - a +5 demon blade of electrocution
Missiles
 b - 159 stones
 r - 3 throwing nets (quivered)
Armour
 e - a +2 cloak (worn)
 j - a +2 pair of gloves of dexterity (worn)
 k - a +3 leather armour of magic resistance (worn)
 s - a +1 pair of boots (worn)
 y - the +1 buckler "Uhayll" (worn) {rElec rF+ rCorr Stlth-}
   (You found it on level 3 of the Lair of Beasts)

   It protects you from fire.
   It insulates you from electricity.
   It protects you from acid and corrosion.
   It makes you less stealthy.
Magical staves
 a - an uncursed staff of poison (weapon)
 H - an uncursed staff of wizardry
Jewellery
 d - a ring of see invisible (left hand)
 h - an uncursed ring of wizardry
 n - an uncursed ring of sustain abilities
 v - an amulet of regeneration (around neck)
 B - a +2 ring of protection (right hand)
Magical devices
 f - a wand of fire (8)
 u - a wand of cold (5)
 x - a wand of disintegration (19)
 C - a wand of digging (15)
 G - a wand of teleportation (2)
Scrolls
 c - 11 scrolls of remove curse
 g - 2 scrolls of amnesia
 i - 9 scrolls of teleportation
 l - 2 scrolls of fog
 m - a scroll of torment
 o - 4 scrolls of immolation
 p - 2 scrolls of fear
 q - a scroll of summoning
 t - 6 scrolls of blinking
 z - a scroll of recharging
 A - 3 scrolls of magic mapping
 E - 2 scrolls of identify
Books
 D - a book of Power

   Spells                             Type                      Level
   a - Fulminant Prism                Conjuration/Hexes            4
   b - Iskenderun's Mystic Blast      Conjuration                  4
   c - Venom Bolt                     Conjuration/Poison           5
   d - Bolt of Magma                  Conjuration/Fire/Earth       5
   e - Iron Shot                      Conjuration/Earth            6
   f - Orb of Destruction             Conjuration                  7
   g - Spellforged Servitor           Conjuration/Summoning        7
 I - Sif Muna's Papyrus of Confrontation and Air
   (Sif Muna gifted it to you on level 3 of the Spider Nest)

   Spells                             Type                      Level
   a - Static Discharge               Conjuration/Air              3
   b - Dazzling Spray                 Conjuration/Hexes            3
   c - Poisonous Cloud                Conjuration/Poison/Air       6
   d - Chain Lightning                Conjuration/Air              8
Miscellaneous
 F - an ornate deck of defence {Fortitude}


   Skills:
 - Level 3.5 Fighting
 - Level 3.3 Dodging
 - Level 1.5 Stealth
 - Level 5.0 Shields
 + Level 11.9 Spellcasting
 * Level 10.5 Conjurations
 - Level 4.0 Translocations
 - Level 1.1 Transmutations
 - Level 2.0 Air Magic
 + Level 13.5 Earth Magic
 - Level 8.4 Poison Magic
 + Level 6.8 Invocations


You had 7 spell levels left.
You knew the following spells:

 Your Spells              Type           Power        Failure   Level  Hunger
a - Sandblast             Erth           ######       1%          1    N/A
b - Mephitic Cloud        Conj/Pois/Air  ######..     1%          3    N/A
c - Olgreb's Toxic Radia  Pois           ######..     2%          4    N/A
d - Iron Shot             Conj/Erth      ######....   10%         6    N/A
e - Lee's Rapid Deconstr  Erth           ######....   1%          5    N/A
f - Petrify               Trmt/Erth      #####...     4%          4    N/A
g - Blink                 Tloc           N/A          2%          2    N/A
h - Repel Missiles        Chrm/Air       ###...       10%         2    N/A
i - Conjure Flame         Conj/Fire      ####....     2%          3    N/A


You were on level 3 of the Spider Nest.
You worshipped Sif Muna.
Sif Muna was exalted by your worship.
You were not hungry.

You visited 5 branches of the dungeon, and saw 24 of its levels.
You also visited: Labyrinth.

You collected 1811 gold pieces.
You spent 50 gold pieces at shops.

###...# .... #.....## ....##..
...#......###...#....
.....#............#.....
^....#....................
#....##.....^.......†......
.[...######.(....?.....^..#
....##..#...(.(..†.....#..###
....#...#.....†y@....##≈≈#≈≈##
#...#...##......#....#≈#≈≈≈≈≈#
.}..<...g.(..^###...^#≈≈≈≈≈≈≈##
.......((......#.......#....≈≈#
..^...........^#.............≈#
.##............###..).......##.
..≈#.>.##.....^..#..#...<....#
...#≈###.........#≈≈≈..#.......$.
.....#...........#≈≈≈###........

Notes
Turn   | Place    | Note
--------------------------------------------------------------
     0 | D:1      | Ololoev, the Mummy Venom Mage, began the quest for the Orb.
     0 | D:1      | Reached XP level 1. HP: 13/13 MP: 3/3
   673 | D:1      | Reached XP level 2. HP: 19/19 MP: 3/5
  1511 | D:2      | Reached XP level 3. HP: 24/24 MP: 7/7
  1516 | D:2      | Learned a level 3 spell: Mephitic Cloud
  1624 | D:2      | Found a bloodstained altar of Trog.
  2250 | D:2      | Found a stormy altar of Qazlal.
  2519 | D:2      | Reached XP level 4. HP: 23/30 MP: 8/8
  2525 | D:2      | Learned a level 4 spell: Olgreb's Toxic Radiance
  2541 | D:2      | Reached skill level 1 in Air Magic
  2614 | D:2      | Found a burning altar of Makhleb.
  2809 | D:3      | Found a sparkling altar of Nemelex Xobeh.
  2976 | D:3      | Reached skill level 1 in Conjurations
  3296 | D:3      | Reached skill level 4 in Poison Magic
  3374 | D:3      | Noticed an ogre
  3387 | D:3      | Killed an ogre
  3387 | D:3      | Reached XP level 5. HP: 8/35 MP: 1/9
  4050 | D:4      | Noticed an ogre
  4093 | D:4      | Killed an ogre
  4093 | D:4      | Reached XP level 6. HP: 14/41 MP: 0/10
  4558 | D:4      | Reached skill level 5 in Poison Magic
  4584 | D:4      | Noticed an ogre
  4599 | D:4      | Killed an ogre
  4718 | D:4      | Found Kacuo's Antique Armour Shop.
  4726 | D:4      | Bought a glowing leather armour for 50 gold pieces
  4898 | D:4      | You fall through a shaft!
  4898 | D:5      | Entered Level 5 of the Dungeon
  5127 | D:5      | Reached skill level 6 in Poison Magic
  5127 | D:5      | Reached XP level 7. HP: 34/46 MP: 2/11
  5484 | D:5      | Found a shattered altar of Ashenzari.
  5702 | D:5      | Noticed hornqvist's ghost (experienced FoFi)
  5899 | D:4      | Noticed Crazy Yiuf
  5906 | D:4      | Killed Crazy Yiuf
  6363 | D:5      | Reached skill level 7 in Poison Magic
  6480 | D:5      | Learned a level 3 spell: Conjure Flame
  6551 | D:6      | Found Hashrubrio's Weapon Emporium.
  6679 | D:6      | Reached XP level 8. HP: 52/52 MP: 1/12
  6843 | D:6      | Noticed Pikel
  6881 | D:6      | Killed Pikel
  6881 | D:6      | Reached skill level 8 in Poison Magic
  7145 | D:6      | HP: 1/52 [orc warrior/stone (11)]
  8196 | D:7      | Reached skill level 5 in Conjurations
  8408 | D:7      | Reached XP level 9. HP: 42/57 MP: 6/13
  8510 | D:7      | Learned a level 1 spell: Sandblast
  8664 | D:7      | Found a staircase to the Ecumenical Temple.
  8688 | Temple   | Entered the Ecumenical Temple
  8697 | Temple   | Became a worshipper of Sif Muna the Loreminder
  8923 | D:7      | Reached skill level 1 in Earth Magic
  9393 | D:7      | Acquired Sif Muna's first power
 10545 | D:8      | Reached skill level 5 in Spellcasting
 10734 | D:8      | Acquired Sif Muna's second power
 10847 | D:8      | Noticed Erolcha
 10861 | D:8      | Killed Erolcha
 10861 | D:8      | Reached skill level 5 in Earth Magic
 10861 | D:8      | Reached skill level 1 in Invocations
 10861 | D:8      | Reached XP level 10. HP: 63/63 MP: 4/18
 11019 | D:8      | Noticed Joseph
 11039 | D:8      | Killed Joseph
 11284 | D:8      | Found an ancient bone altar of Kikubaaqudgha.
 11294 | D:8      | Found a blossoming altar of Fedhas.
 11294 | D:8      | Found a basalt altar of Yredelemnul.
 11989 | D:9      | HP: 2/63 [deep elf mage/bolt of magma (35)]
 12283 | D:9      | Got a steaming leather armour
 12294 | D:9      | Identified the +6 leather armour of the Five Souls {-Cast Contam rC+ Str+5} (You found it on level 9 of the Dungeon)
 12633 | D:9      | Found a sacrificial altar of Ru.
 12812 | D:10     | Entered Level 10 of the Dungeon
 12926 | D:9      | Learned a level 5 spell: Lee's Rapid Deconstruction
 13119 | D:10     | Noticed Snorg
 13158 | D:10     | Killed Snorg
 13378 | D:10     | Found Fanniann's Book Boutique.
 13640 | D:10     | Reached XP level 11. HP: 39/68 MP: 2/21
 13640 | D:10     | Acquired Sif Muna's third power
 13935 | D:10     | Found a staircase to the Lair.
 14131 | D:11     | Noticed an unseen horror
 14143 | D:11     | Killed an unseen horror
 14208 | D:11     | Noticed a hill giant
 14230 | D:11     | Killed a hill giant
 14597 | D:11     | Reached skill level 9 in Earth Magic
 15002 | D:11     | Found a staircase to the Orcish Mines.
 15428 | Orc:1    | Entered Level 1 of the Orcish Mines
 15429 | Orc:1    | Noticed Harold
 15432 | Orc:1    | Noticed Fannar
 15627 | Lair:1   | Entered Level 1 of the Lair of Beasts
 15660 | Lair:1   | Reached skill level 10 in Earth Magic
 15789 | Lair:1   | Noticed a seven-headed hydra
 15791 | Lair:1   | Killed a seven-headed hydra
 15791 | Lair:1   | Received a gift from Sif Muna
 15792 | Lair:1   | Identified Sif Muna's Papyrus of Battle Magic and Earth (Sif Muna gifted it to you on level 1 of the Lair of Beasts)
 15799 | Lair:1   | Learned a level 4 spell: Petrify
 15802 | Lair:1   | Learned a level 2 spell: Blink
 15806 | Lair:1   | Learned a level 2 spell: Repel Missiles
 16011 | Lair:1   | Reached XP level 12. HP: 59/74 MP: 1/24
 16757 | Lair:1   | Reached skill level 1 in Fighting
 16995 | Lair:1   | Reached skill level 11 in Earth Magic
 17373 | Lair:2   | Found a labyrinth entrance.
 17411 | Lab      | Entered a labyrinth
 17687 | Lab      | Noticed a minotaur
 17787 | Lab      | Killed a minotaur
 17831 | Lab      | Identified the Tome of Flight
 17836 | Lab      | Identified a scroll of acquirement
 19542 | Lair:3   | Got an encrusted buckler
 19548 | Lair:3   | Identified the +1 buckler "Uhayll" {rElec rF+ rCorr Stlth-} (You found it on level 3 of the Lair of Beasts)
 19636 | Lair:3   | Reached skill level 1 in Shields
 20109 | Lair:3   | Noticed a five-headed hydra
 20118 | Lair:3   | Killed a five-headed hydra
 20495 | Lair:4   | Gained mutation: You are in touch with the powers of death. [Mummy growth]
 20495 | Lair:4   | Gained mutation: You can restore your body by infusing magical energy. [Mummy growth]
 20495 | Lair:4   | Reached XP level 13. HP: 66/87 MP: 6/26
 21115 | Lair:4   | Received a gift from Sif Muna
 21129 | Lair:4   | HP: 4/87 [death yak (11)]
 21139 | Lair:4   | Reached skill level 5 in Shields
 21301 | Lair:4   | Identified Cupoxuusch's Volume of Stones (Sif Muna gifted it to you on level 4 of the Lair of Beasts)
 21478 | Lair:4   | Noticed Sonja
 21490 | Lair:4   | Killed Sonja
 22180 | Lair:5   | Reached skill level 12 in Earth Magic
 22191 | Lair:5   | Found a hole to the Spider Nest.
 22452 | Lair:5   | Reached skill level 10 in Spellcasting
 22834 | Lair:5   | Received a gift from Sif Muna
 22843 | Lair:5   | Learned a level 6 spell: Iron Shot
 23656 | Lair:6   | Found a staircase to the Shoals.
 24078 | Lair:6   | Found a viscous altar of Jiyva.
 24079 | Lair:6   | Found a staircase to the Slime Pits.
 24554 | Lair:6   | Reached skill level 1 in Transmutations
 24865 | Lair:7   | Reached skill level 1 in Translocations
 24865 | Lair:7   | Reached XP level 14. HP: 93/93 MP: 10/28
 25592 | Lair:7   | Received a gift from Sif Muna
 25593 | Lair:7   | Identified Sif Muna's Second Course in Spellcraft (Sif Muna gifted it to you on level 7 of the Lair of Beasts)
 26086 | Lair:8   | Entered Level 8 of the Lair of Beasts
 27242 | Lair:8   | Reached skill level 5 in Invocations
 27659 | Lair:8   | Reached skill level 13 in Earth Magic
 27955 | Lair:8   | Got a slimy battleaxe
 28244 | Spider:1 | Entered Level 1 of the Spider Nest
 28391 | Spider:1 | Received a gift from Sif Muna
 28392 | Spider:1 | Identified Iskenderun's Volume of Arcane Weapons (Sif Muna gifted it to you on level 1 of the Spider Nest)
 28525 | Spider:1 | Reached XP level 15. HP: 98/98 MP: 19/30
 28743 | Spider:2 | Noticed Arachne
 29009 | Spider:1 | Killed Arachne
 29148 | Spider:2 | Reached skill level 10 in Conjurations
 29559 | Spider:3 | Noticed Wiglaf
 29822 | Spider:3 | Received a gift from Sif Muna
 29830 | Spider:3 | Identified Sif Muna's Papyrus of Confrontation and Air (Sif Muna gifted it to you on level 3 of the Spider Nest)
 30004 | Spider:3 | Killed Wiglaf
 30007 | Spider:3 | Slain by a moth of wrath

Dungeon Overview and Level Annotations

Branches:
Dungeon (11/15)            Temple (1/1) D:7            Lair (8/8) D:10
 Shoals (0/5) Lair:6       Spider (3/5) Lair:5        Slime (0/6) Lair:6
    Orc (1/4) D:11

Altars:
Ashenzari
Dithmenos
Fedhas
Kikubaaqudgha
Makhleb
Nemelex Xobeh
Okawaru
Qazlal
Ru
Sif Muna
Trog
Vehumet
Xom
Yredelemnul
Zin
Jiyva

Shops:
D:4 [   D:6 (   D:10 :

Annotations:
D:5 hornqvist's ghost, experienced FoFi
Orc:1 Fannar; Harold


Message History

Use which ability? (? or * to list)
You channel some magical energy.
Wiglaf is engulfed in noxious fumes.
Wiglaf hits you with a battleaxe!!!
Unknown command.
Read which item? (? for menu, Esc to quit)
Blink to where?
Press: ? - help, Dir - move target cursor, p - Wiglaf You are very lightly contaminated with residual magic.
As you read the scroll of blinking, it crumbles to dust.
Wiglaf is engulfed in noxious fumes. x2
Wiglaf appears confused.
Casting: Mephitic Cloud
Confirm with . or Enter, or press ? or * to list all spells.
You feel a surge of power!
Your toxic radiance grows in intensity.
Wiglaf is engulfed in noxious fumes.
A moth of wrath comes into view.
Casting: Olgreb's Toxic Radiance
Confirm with . or Enter, or press ? or * to list all spells.
You feel a surge of power!
Your toxic radiance grows in intensity.
The moth of wrath is poisoned.
Wiglaf screams, "I'll kill you anyway!"
Use which ability? (? or * to list)
You channel some magical energy.
Wiglaf wonders, "What am I doing in here?"
Use which ability? (? or * to list)
You channel some magical energy.
Wiglaf falls into the water!
Wiglaf drowns.
You hear a splash. x3
Use which ability? (? or * to list)
You channel some magical energy.
The moth of wrath barely misses you.
Casting: Olgreb's Toxic Radiance
Confirm with . or Enter, or press ? or * to list all spells.
You feel a surge of power!
Your toxic radiance grows in intensity.
The moth of wrath looks even sicker.
The moth of wrath closely misses you. The moth of wrath bites you!
Casting: Olgreb's Toxic Radiance
Confirm with . or Enter, or press ? or * to list all spells.
You feel a surge of power!
Your toxic radiance grows in intensity.
The moth of wrath looks even sicker.
The moth of wrath bites you!
You die...

You could see a moth of wrath.

Vanquished Creatures
  Arachne (Spider:1)
  Wiglaf (Spider:3)
  A ghost moth (Spider:2)
  2 emperor scorpions
  Snorg (D:10)
  A minotaur (Lab)
  Erolcha (D:8)
  6 catoblepae
  4 hydras
  29 death yaks
  Sonja (Lair:4)
  An unseen horror (D:11)
  Pikel (D:6)
  A hill giant (D:11)
  15 wolf spiders
  6 orb spiders
  3 ugly things (D:11)
  A griffon (Lair:8)
  8 elephants
  Joseph (D:8)
  13 spiny frogs
  A moth of wrath (Spider:3)
  A torpor snail (Spider:3)
  6 black mambas
  13 komodo dragons
  5 fire drakes
  5 demonic crawlers
  2 two-headed ogres (D:11)
  7 jumping spiders
  A snapping turtle (Lair:6)
  19 blink frogs
  A shadow (D:11)
  9 trapdoor spiders
  21 redbacks
  58 yaks
  2 deep elf magi (D:9)
  5 basilisks
  6 hippogriffs
  8 tarantellas
  7 wolves (Lair:2)
  A steam dragon (D:10)
  13 water moccasins
  5 orc warriors
  4 sky beasts
  3 phantoms
  10 porcupines
  3 black bears
  A necrophage (D:11)
  3 ice beasts
  2 wasps
  7 ogres
  13 spiders
  5 centaurs
  3 slaves (D:6)
  14 crocodiles
  2 big kobolds (D:7)
  3 boring beetles
  18 giant frogs
  6 scorpions
  8 wights
  3 electric eels
  A giant frog zombie (D:5)
  2 crimson imps
  4 jellies
  3 centaur zombies
  2 hounds
  Crazy Yiuf (D:4)
  A centaur skeleton (D:6)
  6 orc priests
  2 giant frog skeletons
  4 orc wizards
  A quasit (D:9)
  8 worker ants
  15 iguanas
  9 sheep
  A hound zombie (D:9)
  2 hound skeletons
  3 worker ant zombies
  4 gnolls (D:8)
  17 adders
  A shadow imp (D:7)
  94 river rats
  An adder skeleton (D:6)
  An adder zombie (D:8)
  4 giant geckos
  57 orcs
  14 bats
  A bat skeleton (D:8)
  5 giant cockroaches
  15 hobgoblins
  4 jackals
  36 kobolds
  4 quokkas
  7 giant newts
  12 goblins
  2 quokka skeletons
  27 rats
  17 ballistomycetes (D:10)
  A bush (Lair:8)
  4 fungi
795 creatures vanquished.

Vanquished Creatures (collateral kills)
  A bush (Lair:7)
1 creature vanquished.

Vanquished Creatures (others)
  A wolf spider (Spider:2)
  An orc wizard (D:6)
  An orc (D:6)
  A giant newt (D:2)
  5 giant spores
  2 kobolds (D:6)
  9 fungi
  A plant (Lair:1)
21 creatures vanquished.

Grand Total: 817 creatures vanquished

Action                   |  1- 3 |  4- 6 |  7- 9 | 10-12 | 13-15 || total
-------------------------+-------+-------+-------+-------+-------++-------
Melee: Short sword       |    33 |    75 |   397 |   335 |       ||   840
       Unarmed           |     4 |       |       |       |       ||     4
       Dagger            |    54 |    31 |       |       |       ||    85
       Staff             |       |       |       |    27 |    17 ||    44
       Demon blade       |       |       |       |       |    19 ||    19
 Cast: Sting             |    39 |    63 |    53 |       |       ||   155
       Mephitic Cloud    |     1 |     6 |     9 |    58 |    75 ||   149
       Olgreb's Toxic Ra |       |     2 |    31 |   254 |   361 ||   648
       Conjure Flame     |       |       |     4 |     1 |     8 ||    13
       Sandblast         |       |       |    18 |   108 |    55 ||   181
       Lee's Rapid Decon |       |       |       |    25 |    25 ||    50
       Repel Missiles    |       |       |       |     1 |     2 ||     3
       Blink             |       |       |       |    14 |    97 ||   111
       Petrify           |       |       |       |    12 |     3 ||    15
       Iron Shot         |       |       |       |       |   118 ||   118
Invok: Channel Energy    |       |       |     9 |   428 |   951 ||  1388
  Use: Scroll            |     5 |     3 |    11 |    14 |     6 ||    39
 Stab: Sleeping          |     4 |     1 |     1 |     4 |       ||    10
       Confused          |       |     3 |     3 |     4 |     1 ||    11
       Petrified         |       |       |       |     2 |       ||     2

Vault maps used:
D:1:      wheals_arrival_linesprint, minmay_misc_feat_nine_boxes, minivault_24,
          minmay_rat_gold_closets
D:2:      lemuel_round_altar, lightli_temple_of_fire, grunt_qazlal_clouds
D:3:      first_bread, nemelex_diamond_rough_becter
D:4:      serial_shops, nicolae_shop_statue_plus, uniq_crazy_yiuf_cottage
D:5:      old_standard_altar
D:6:      serial_shops, shop, uniq_pikel
D:7:      minmay_temple_entry_statues_pillars
D:8:      grunt_temple_overflow_diamond, grunt_pizzeria, uniq_joseph,
          uniq_erolcha
D:9:      lemuel_doored_altar
D:10:     lair_0_dummy, serial_shops, kennysheep_mini, uniq_snorg
D:11:     orc_0_dummy
Temple:   temple_eino_lava_12
Lair:1:   minmay_lair_venomous_thicket, grunt_megastairs_1,
          infiniplex_staircase_pool_2
Lair:2:   lab_entry_generic, minivault_27, beast_lair_carwin_10,
          grunt_megastairs_2, bh_autumn_forest_stairs
Lair:4:   grunt_megastairs_4, uniq_sonja
Lair:5:   spider_nest_entry_a, serial_bayou_shore_b, serial_bayou_shore_a
Lair:6:   minmay_shoals_entry_hut, slime_altar_1, serial_bayou_shore_b,
          serial_bayou_shore_b
Lair:8:   evilmike_catoblepas_cave
Spider:2: uniq_arachne
Spider:3: uniq_wiglaf
Orc:1:    uniq_fannar, uniq_harold, uniq_nergalle
Lab:      labyrinth_mini_lab, nicolae_lab_arrow
